cohdb
Replays
Latest Replays
All Replays
Popular Replays
Top Player Replays
Match Explorer
How It Works
Community
CoH3 Stats
Reddit
Sign in to upload your games and track your stats! →
Sign in with Steam
Match 32421981
Unlisted
Match 32421981
Overview
Messages
Build Orders
End
Construct Infanterie Kompanie
Selects Mechanized Battlegroup
MG 42 Machine Gun Team
Grenadier Squad
GrW 34 Mortar Team
Grenadier Squad
Construct Panzergrenadier Kompanie
Forward Retreat Point
Panzergrenadier Squad
Selects Spotting Scopes
Medical Bunker
Construct Panzer Kompanie
Grenadier Squad
Selects Wespe Self-propelled Artillery
Wespe Self-propelled Artillery
Panzergrenadier Squad
MG 42 Machine Gun Team
Pak 40 Anti-tank Gun Team
Oberst Baum
LordPavaz
Frenzy
Толякриптовалюта
Bruistablet
MannaertGamer(BE)
Professor gibberish
Asdasfad.
0
0
Comments
sign in to comment!
No comments posted yet!